 Dungeon Crawl Stone Soup version 0.28-a0-1435-g82390b3a13 (webtiles) character file.

Game seed: 3845462137347429549

19 HallandMoats the Skirmisher (level 2, -1/24 HPs)
             Began as a Demonspawn Fighter on Jan 9, 2022.
             Was a Follower of Vehumet.
             Slain by a dart slug (3 damage)
             ... on level 1 of the Dungeon.
             The game lasted 00:00:34 (848 turns).

HallandMoats the Skirmisher (Demonspawn Fighter)     Turns: 848, Time: 00:00:34

Health: -1/24      AC:  6    Str: 16    XL:     2   Next: 55%
Magic:  2/2        EV:  9    Int:  9    God:    Vehumet [*.....]
Gold:   12         SH:  4    Dex: 12    Spells: 1/1 levels left

rFire   . . .      SeeInvis .   a - +0 rapier
rCold   . . .      Faith    .   c - +0 buckler
rNeg    . . .      Spirit   .   b - +0 scale mail
rPois   .          Reflect  .   (no helmet)
rElec   .          Harm     .   (no cloak)
rCorr   .          Rampage  .   (no gloves)
Will    .....                   (no boots)
Stlth   ..........              (no amulet)
HPRegen 0.08/turn               (no ring)
MPRegen 0.08/turn               (no ring)

@: no status effects
A: demonic magic 1
a: Renounce Religion


You were on level 1 of the Dungeon.
You worshipped Vehumet.
Vehumet was aware of your devotion.
You visited 1 branch of the dungeon, and saw 1 of its levels.

You collected 12 gold pieces.

Inventory:

Hand Weapons
 a - a +0 rapier (weapon)
Armour
 b - a +0 scale mail (worn)
 c - a +0 buckler (worn)
Scrolls
 e - a scroll of teleportation {unknown}
Potions
 d - a potion of might
 f - a potion of curing {unknown}
 g - a potion of invisibility {unknown}


   Skills:
 * Level 3.3 Fighting
 * Level 2.1 Short Blades
 + Level 2.8 Armour
 + Level 0.5 Dodging
 + Level 2.8 Shields


You had one spell level left.
You didn't know any spells.
Your spell library was empty.

Dungeon Overview and Level Annotations

Branches:
Dungeon (1/15)

Altars:
Vehumet


Innate Abilities, Weirdness & Mutations

Spells you cast may paralyse adjacent enemies.


Message History

The rat bites you.
The dart slug bites you but does no damage.
The rat closely misses you.
The dart slug bites you but does no damage.
The rat barely misses you. You block the rat's attack.
You block the dart slug's attack. The rat bites you but does no damage.
The dart slug closely misses you. The rat bites you but does no damage.
The rat barely misses you. The dart slug bites you.
The rat bites you but does no damage. The dart slug launches a dart at you.
The slug dart hits you but does no damage.
The rat misses you. The rat barely misses you. The dart slug bites you.
The rat bites you. The dart slug barely misses you. You block the rat's attack.
The dart slug launches a dart at you.
The slug dart hits you but does no damage.
The rat bites you but does no damage. The rat closely misses you.
The dart slug closely misses you. You block the rat's attack.
The dart slug launches a dart at you. You block the slug dart.
The rat bites you. The rat bites you but does no damage.
The dart slug launches a dart at you. The slug dart misses you.
The rat barely misses you. The dart slug barely misses you.
You block the rat's attack. The rat closely misses you.
You block the dart slug's attack. The rat bites you but does no damage.
The dart slug bites you but does no damage.
The rat bites you. The dart slug launches a dart at you.
The slug dart hits you.
* * * LOW HITPOINT WARNING * * *
You block the rat's attack. The rat barely misses you.
You block the dart slug's attack. The rat bites you.
* * * LOW HITPOINT WARNING * * *
The dart slug bites you.
You die...

#......# ... .......
#......#####.###.......
#.....................
#......###......+.#..
#........#...#.$.#.### .
#..........#.........#..
#))........##.....#.....
................w.......
###............r@....#.
#........#.....#.....(
###...####.(..#...#..#..
......# #..#...#....#
......# #.###[.#..#.....
......# #......##......
......# #..............
...## #.......#..# #
...# #..........#.#


You could see a dart slug and a rat.

Vanquished Creatures
  2 dart slugs (D:1)
  A ball python (D:1)
  5 endoplasms (D:1)
  2 goblins (D:1)
  A kobold (D:1)
  A bat (D:1)
  A frilled lizard (D:1)
13 creatures vanquished.

Notes
Turn   | Place    | Note
-------+----------+-------------------------------------------
     0 | D:1      | HallandMoats the Demonspawn Fighter began the quest for the
                  | Orb.
     0 | D:1      | Reached XP level 1. HP: 18/18 MP: 1/1
   440 | D:1      | Gained mutation: Spells you cast may paralyse adjacent
                  | enemies. [demonic ancestry]
   440 | D:1      | Reached XP level 2. HP: 12/24 MP: 2/2
   788 | D:1      | Found a faded altar of an unknown god.
   798 | D:1      | Prayed at the altar of an unknown god.
   798 | D:1      | Became a worshipper of Vehumet
   798 | D:1      | Reached * piety under Vehumet
   798 | D:1      | Offered knowledge of Magic Dart by Vehumet.
   848 | D:1      | Slain by a dart slug

Illustrated notes

Levels and vault maps discovered:
D:1:      ncdulo_lavacross, layout_basic, hellmonk_ecumenical_altar_blasted,
          minivault_14

Skill      XL: |  1 |
---------------+----+-----
Short Blades   | 2 |  2.1
Fighting       | |  3.3
Armour         | |  2.8
Dodging        | |  0.5
Shields        | |  2.8

Action                   || total
-------------------------++-------
Melee: Rapier            ||    34
Armor: Scale mail        ||    33
Dodge: Dodged            ||    44
Block: Buckler           ||    24

Table legend: (Time is in decaauts)
 A = Elapsed time spent in this place.
 B = Non-inter-level travel time spent in this place.
 C = Inter-level travel time spent in this place.
 D = Time resting spent in this place.
 E = Time spent auto-exploring this place.
 F = Levels seen in this place.
 G = Mean time per level.
                   A        B        C        D        E       F      G
               +--------+--------+--------+--------+--------+-----+--------+
         Total |    852 |    852 |      0 |    127 |    592 |   1 |  852.0 |
       Dungeon |    852 |    852 |      0 |    127 |    592 |   1 |  852.0 |
               +--------+--------+--------+--------+--------+-----+--------+

Top non-repeatable levels by time:
     D:1: 852 daAuts
